 Dungeon Crawl Stone Soup version 0.24-a0-582-g4d4af813a0 (webtiles) character file.

Game seed: 8035737742772023497

7 ElectroBlueGuy the Grave Robber (level 1, -3/13 HPs)
             Began as a Mummy Necromancer on Aug 27, 2019.
             Slain by a kobold
             ... wielding a +0 vampiric whip
              (5 damage)
             ... on level 1 of the Dungeon.
             The game lasted 00:02:23 (267 turns).

ElectroBlueGuy the Grave Robber (Mummy Necromancer)  Turns: 267, Time: 00:02:24

Health: -3/13      AC:  2    Str: 11    XL:     1   Next: 83%
Magic:  4/4        EV: 12    Int: 14    God:
Gold:   5          SH:  0    Dex: 12    Spells: 3/5 levels left

rFire    x . .     SeeInvis .   d - -1 mace (curse)
rCold    + . .     Gourm    .   (no shield)
rNeg     + + +     Faith    .   a - +0 robe
rPois    ∞         Spirit   .   (no helmet)
rElec    .         Reflect  .   (no cloak)
rCorr    .         Harm     .   (no gloves)
MR       .....                  (no boots)
Stlth    ++........             (no amulet)
HPRegen  0.04/turn              (no ring)
MPRegen  0.09/turn              (no ring)

@: no status effects
A: no food or potions, fire vulnerability, cold resistance 1, negative energy
resistance 3, torment resistance, unbreathing
a: no special abilities


You were on level 1 of the Dungeon.
You were not hungry.

You visited 1 branch of the dungeon, and saw 1 of its levels.

You collected 5 gold pieces.

Inventory:

Hand Weapons
 b - a +0 hunting sling
 d - a cursed -1 mace (weapon)
Armour
 a - a +0 robe (worn)
Scrolls
 c - a scroll of teleportation
 g - a scroll of noise
Potions
 e - a potion of brilliance {unknown}


   Skills:
 + Level 0.3 Fighting
 + Level 1.7 Dodging
 + Level 1.7 Stealth
 + Level 2.8 Spellcasting
 + Level 4.0 Necromancy


You had 3 spell levels left.
You knew the following spells:

 Your Spells              Type           Power        Failure   Level  Hunger
a - Pain                  Necr           ##..         4%          1    N/A
b - Animate Skeleton      Necr           N/A          4%          1    N/A

Your spell library contained the following spells:

 Spells                   Type           Power        Failure   Level  Hunger
 Vampiric Draining        Necr           ##........   12%         3    N/A
 Animate Dead             Necr           N/A          38%         4    N/A
 Regeneration             Chrm/Necr      Unusable     N/A         3    N/A

Dungeon Overview and Level Annotations

Branches:
Dungeon (1/15)

Altars:


Innate Abilities, Weirdness & Mutations

You do not eat or drink.
Your flesh is vulnerable to fire.
You are immune to poison.
Your flesh is cold resistant. (rC+)
You are immune to negative energy. (rN+++)
You are immune to unholy pain and torment.
You can survive without breathing.


Message History

You strike the helpless hobgoblin from behind!
You hit the hobgoblin.
You kill the hobgoblin!
Your bat skeleton hits the kobold but does no damage.
Your bat skeleton barely misses the kobold.
Your bat skeleton hits the kobold. x2
The kobold hits your bat skeleton with a +0 vampiric whip.
Your bat skeleton is destroyed!
The kobold shouts!
You closely miss the kobold.
The kobold is severely wounded.
You hear a shout!
The kobold hits you with a +0 vampiric whip.
* * * LOW HITPOINT WARNING * * *
A hobgoblin comes into view.
You closely miss the kobold.
The kobold is severely wounded.
The kobold completely misses you.
The kobold hits you with a +0 vampiric whip.
You die...

.....###.......#.#.#
.....###.......#.#.#
.......+.......#.#.#
......##.......#.#.#######***
...##.#*,,...,,#.#........,,*
##.##.##.....,,#.#..######,**
.............,,#.#.)....#*,*
##.##.####+#+###....###.#*,*
...##.# #.[...)@K........,*
.####.# #.....########.###**
......# #...g,*,,,,,,,,,,,,*
.###### #...,,**,****,***,**
..# #..,,,,,,* *,,,,,*
#'########.,,*,**,* ****,,*
..........,,,*,**,* *,,*
.....####**,,*,**** *,,*
.....# ***,,*,* *,,*


You could see a hobgoblin and a kobold.

Vanquished Creatures
  A bat (D:1)
  A giant cockroach (D:1)
  3 hobgoblins (D:1)
  A frilled lizard (D:1)
6 creatures vanquished.

Notes
Turn   | Place    | Note
-------+----------+-------------------------------------------
     0 | D:1      | ElectroBlueGuy the Mummy Necromancer began the quest for
                  | the Orb.
     0 | D:1      | Reached XP level 1. HP: 13/13 MP: 4/4
    18 | D:1      | Learned a level 1 spell: Animate Skeleton
   267 | D:1      | Slain by a kobold

Levels and vault maps discovered:
D:1:      dpeg_chamrin_arrival_tetris, layout_basic

Action                   || total
-------------------------++-------
Melee: Mace              ||    24
 Cast: Pain              ||     8
       Animate Skeleton  ||     2
  Use: Scroll            ||     3
 Stab: Distracted        ||     1
Armor: Robe              ||    18
Dodge: Dodged            ||    36

Table legend:
 A = Non-vault XP
 B = Vault XP
 C = Vault XP percentage of total XP
 D = Non-vault monster count
 E = Vault monster count
 F = Vault count percentage of total count
                 A         B        C        D         E       F
            +---------+---------+-------+---------+---------+-------
      Total |      10 |       0 |   0.0 |       6 |       0 |   0.0
            +---------+---------+-------+---------+---------+-------
        D:1 |      10 |       0 |   0.0 |       6 |       0 |   0.0
            +---------+---------+-------+---------+---------+-------
